 Dungeon Crawl Stone Soup version 0.31-a0-1529-g7bd419a0e5 (webtiles) character file.

Game seed: 1686362738242519073

3444454 Implojin the Wrestler (level 26, 274/274 HPs)
             Began as a Troll Hunter on Dec 31, 2023.
             Was a High Priest of Okawaru.
             Escaped with the Orb
             ... and 5 runes
             ... and 1 gem (intact)!
             The game lasted 03:33:15 (64151 turns).

Implojin the Wrestler (Troll Hunter)               Turns: 64151, Time: 03:33:15

Health: 274/274    AC: 38    Str: 28    XL:     26   Next: 59%
Magic:  31/31      EV: 24    Int:  5    God:    Okawaru [*****.]
Gold:   10237      SH: 30    Dex: 21    Spells: 25/25 levels left

rFire   + +          .
                       - Unarmed
rCold   + + .        w - +7 tower shield {rC+}
rNeg    + + .        F - +8 fire dragon scales
rPois   .            U - +2 hat {Stlth+}
rElec   .            L - +4 dragonskin cloak
rCorr   .            (gloves unavailable)
SInv    .            (boots unavailable)
Will    +++..        Z - amulet of Liofoy {Spirit +Blink Will++}
Stlth   +            D - ring "Vihefyal" {rF+ EV+5 Str+2 Dex+2}
HPRegen 1.45/turn    C - ring "Vepe Moe" {rF- rC++ rN++ AC+4}
MPRegen 0.22/turn

%: guardian spirit
@: studying 2 skills
A: large, unfitting armour, claws 3, regeneration 1, shaggy fur 1, tough skin 1,
iridescent scales 1, clumsy 1, screaming 1
0: Orb of Zot
}: 5/15 runes: serpentine, barnacled, slimy, silver, abyssal
a: Renounce Religion, Evoke Blink, Heroism, Finesse, Duel


You escaped.
You worshipped Okawaru.
Okawaru was extremely pleased with you.
You visited 10 branches of the dungeon, and saw 52 of its levels.
You visited the Abyss 2 times.
You also visited: Trove, Gauntlet, Ice Cave and Volcano.

You collected 12926 gold pieces.
You spent 2689 gold pieces at shops.

Inventory:

Missiles
 a - 10 darts of dispersal
 b - 3 throwing nets
 h - 21 silver javelins
 n - 18 boomerangs (quivered)
 K - 23 javelins
 R - 5 curare-tipped darts
 V - 93 large rocks
Armour
 t - the scarf "Xivoi" {shadows, rPois rN+ Dex+3}
   (Okawaru gifted it to you on level 4 of the Depths)

   Dex+3:     It affects your dexterity (+3).
   rPois:     It protects you from poison rN+: It protects you from negative
   energy.
 w - a +7 tower shield of cold resistance (worn)
 F - +8 fire dragon scales (worn)
 G - a +2 cloak of willpower
 L - the +4 dragonskin cloak (worn)
   (You took it off Tiamat on level 1 of the Realm of Zot)

   Avatar's Aegis: It grants the wearer a chance to resist fire, cold, poison,
   electricity, acid, and negative energy.
 U - a +2 hat of stealth (worn)
Jewellery
 g - a ring of willpower
 k - the amulet of Eternity {Acrobat rC+ rCorr Dex+2}
   (You took it off a deep elf demonologist on level 3 of the Elven Halls)

   [amulet of the acrobat]

   Acrobat:   It increases your evasion while moving and waiting.
   Dex+2:     It affects your dexterity (+2).
   rC+:       It protects you from cold.
   rCorr:     It protects you from acid and corrosion.
 l - a ring of see invisible
 s - an amulet of faith
 y - a ring of flight
 C - the ring "Vepe Moe" (right claw) {rF- rC++ rN++ AC+4}
   (You bought it in a shop on level 2 of the Orcish Mines)

   [ring of protection]

   AC+4:      It affects your AC (+4).
   rF-:       It makes you vulnerable to fire.
   rC++:      It greatly protects you from cold.
   rN++:      It greatly protects you from negative energy.
 D - the ring "Vihefyal" (left claw) {rF+ EV+5 Str+2 Dex+2}
   (You took it off a deep elf annihilator on level 3 of the Elven Halls)

   [ring of evasion]

   EV+5:      It affects your evasion (+5).
   Str+2:     It affects your strength (+2).
   Dex+2:     It affects your dexterity (+2).
   rF+:       It protects you from fire.
 I - the ring "Zuvucs" {rCorr MP+9 Int+2 Dex+2 Stlth+}
   (You found it on level 5 of the Pits of Slime)

   [ring of magical power]

   Int+2:     It affects your intelligence (+2).
   Dex+2:     It affects your dexterity (+2).
   MP+9:      It affects your magic capacity (+9).
   rCorr:     It protects you from acid and corrosion.
   Stlth+:    It makes you more stealthy.
 O - the ring "Igriss" {rElec rPois rC+ Str-5}
   (You took it off Tiamat on level 1 of the Realm of Zot)

   [ring of poison resistance]

   Str-5:     It affects your strength (-5).
   rC+:       It protects you from cold.
   rElec:     It insulates you from electricity.
   rPois:     It protects you from poison
 Z - the amulet of Liofoy (around neck) {Spirit +Blink Will++}
   (You acquired it on level 5 of the Lair of Beasts)

   [amulet of guardian spirit]

   Spirit:    It causes incoming damage to be divided between your reserves of
   health and magic.
   Will++:    It greatly increases your willpower.
   +Blink:    It lets you blink.
Wands
 d - a wand of acid (35)
 M - a wand of digging (5)
 Q - a wand of roots (29)
Scrolls
 c - 2 scrolls of fog
 m - 7 scrolls of teleportation
 p - 11 scrolls of fear
 q - 8 scrolls of immolation
 r - 10 scrolls of vulnerability
 z - 12 scrolls of blinking
 P - 3 scrolls of revelation
 Y - 3 scrolls of silence
Potions
 f - 2 potions of ambrosia
 i - 8 potions of haste
 o - 10 potions of enlightenment
 u - a potion of resistance
 v - 5 potions of heal wounds
 x - 16 potions of curing
 A - 17 potions of mutation
 E - 12 potions of magic
 H - 8 potions of might
 N - 3 potions of cancellation
 T - 2 potions of invisibility
Miscellaneous
 e - a tin of tremorstones (2/2)
 J - a phial of floods
 S - a condenser vane


   Skills:
 * Level 17.9 Fighting
 - Level 2.6 Ranged Weapons
 - Level 10.0 Throwing
 - Level 18.0 Armour
 - Level 18.0 Dodging
 - Level 0.3 Stealth
 - Level 20.0 Shields
 - Level 22.0 Unarmed Combat
 - Level 13.0 Invocations
 - Level 4.0 Evocations


You had 25 spell levels left.
You didn't know any spells.
Your spell library contained the following spells:

 Spells                   Type           Power      Damage    Failure   Level
 Apportation              Tloc           0%         N/A       83%         1
 Foxfire                  Conj/Fire      0%         2x1d4     83%         1
 Kiss of Death            Conj/Necr      0%         2d5       83%         1
 Magic Dart               Conj           0%         1d3       83%         1
 Necrotise                Necr           0%         1d4       83%         1
 Sandblast                Erth           0%         2d4       83%         1
 Shock                    Conj/Air       0%         1d3       83%         1
 Slow                     Hex            0%         N/A       83%         1
 Sting                    Conj/Alch      0%         1d3       83%         1
 Blink                    Tloc           0%         N/A       92%         2
 Cigotuvi's Dreadful Rot  Necr/Alch/Air  0%         N/A       92%         2
 Ensorcelled Hibernation  Hex/Ice        0%         N/A       92%         2
 Jinxbite                 Hex            0%         N/A       92%         2
 Lesser Beckoning         Tloc           0%         N/A       92%         2
 Mercury Vapours          Alch/Air       0%         N/A       92%         2
 Momentum Strike          Conj/Tloc      0%         3d8       92%         2
 Scorch                   Fire           0%         2d5       92%         2
 Searing Ray              Conj           0%         2d4       92%         2
 Static Discharge         Conj/Air       0%         3-3/arc   92%         2
 Sublimation of Blood     Necr           0%         N/A       92%         2
 Confusing Touch          Hex            0%         N/A       99%         3
 Fugue of the Fallen      Necr           0%         N/A       99%         3
 Gell's Gravitas          Tloc           0%         N/A       99%         3
 Mephitic Cloud           Conj/Alch/Air  0%         N/A       99%         3
 Ozocubu's Armour         Ice            0%         N/A       99%         3
 Passwall                 Erth           0%         N/A       99%         3
 Sigil of Binding         Hex            0%         N/A       99%         3
 Stone Arrow              Conj/Erth      0%         3d7       99%         3
 Swiftness                Air            0%         N/A       99%         3
 Teleport Other           Tloc           0%         N/A       99%         3
 Vampiric Draining        Necr           0%         2d6       99%         3
 Volatile Blastmotes      Fire/Tloc      0%         2d10      99%         3
 Airstrike                Air            0%         2d(0-16)  100%        4
 Anguish                  Hex/Necr       0%         N/A       100%        4
 Brom's Barrelling Bould  Conj/Erth      0%         2d3       100%        4
 Cause Fear               Hex            0%         N/A       100%        4
 Dimensional Bullseye     Hex/Tloc       0%         N/A       100%        4
 Dispel Undead            Necr           0%         3d6       100%        4
 Flame Wave               Conj/Fire      0%         2d4       100%        4
 Fulminant Prism          Conj/Alch      0%         3d5       100%        4
 Ignite Poison            Fire/Alch      0%         N/A       100%        4
 Iskenderun's Mystic Bla  Conj/Tloc      0%         2d3       100%        4
 Manifold Assault         Tloc           0%         N/A       100%        4
 Olgreb's Toxic Radiance  Alch           0%         N/A       100%        4
 Borgnjor's Vile Clutch   Necr/Erth      0%         N/A       100%        5
 Curse of Agony           Necr           0%         N/A       100%        5
 Fireball                 Conj/Fire      0%         3d3       100%        5
 Freezing Cloud           Conj/Ice/Air   0%         6-21      100%        5
 Irradiate                Conj/Alch      0%         3d11      100%        5
 Iskenderun's Battlesphe  Conj           0%         2d6       100%        5
 Silence                  Hex/Air        0%         N/A       100%        5
 Yara's Violent Unravell  Hex/Alch       0%         3d3       100%        5
 Bombard                  Conj/Erth      0%         9d1       100%        6
 Conjure Ball Lightning   Conj/Air       0%         3x3d6     100%        6
 Dispersal                Tloc           0%         N/A       100%        6
 Eringya's Noxious Bog    Alch           0%         4d6       100%        6
 Plasma Beam              Fire/Air       0%         2x1d10    100%        6
 Starburst                Conj/Fire      0%         6d3       100%        6
 Enfeeble                 Hex            0%         N/A       100%        7
 Orb of Destruction       Conj           0%         9d5       100%        7
 Chain Lightning          Conj/Air       0%         N/A       100%        9
 Death's Door             Necr           0%         N/A       100%        9
 Fire Storm               Conj/Fire      0%         5d1       100%        9
 Shatter                  Erth           0%         3d5*      100%        9
 Summon Small Mammal      Summ           Unusable   N/A       N/A         1
 Call Imp                 Summ           Unusable   N/A       N/A         2
 Call Canine Familiar     Summ           Unusable   N/A       N/A         3
 Tukima's Dance           Hex            Unusable   N/A       N/A         3
 Animate Dead             Necr           Unusable   N/A       N/A         4
 Martyr's Knell           Necr/Summ      Unusable   N/A       N/A         4
 Summon Lightning Spire   Summ/Air       Unusable   N/A       N/A         4
 Summon Forest            Summ/Tloc      Unusable   N/A       N/A         5
 Death Channel            Necr           Unusable   N/A       N/A         6
 Summon Cactus Giant      Summ           Unusable   N/A       N/A         6
 Spellforged Servitor     Conj/Summ      Unusable   N/A       N/A         7
 Summon Hydra             Summ           Unusable   N/A       N/A         7

Dungeon Overview and Level Annotations

Branches:
Dungeon (15/15)            Temple (0/1) D:6            Lair (5/5) D:10
 Shoals (4/4) Lair:3        Snake (4/4) Lair:2        Slime (5/5) Lair:4
    Orc (2/2) D:11            Elf (3/3) Orc:2        Vaults (5/5) D:13
  Crypt (0/3) Vaults:3     Depths (4/4) D:15            Zot (5/5) Depths:4
  IceCv (visited)         Volcano (visited)         Gauntlet (visited)

Altars:
Ashenzari
Cheibriados
Elyvilon
Gozag
Hepliaklqana
Nemelex Xobeh
Okawaru
Ru
Trog
Uskayaw
Vehumet
Xom
Zin
The Shining One
Jiyva

Shops:
D:5 [   D:6 *   D:10 [?[?(   D:11 =   D:12 !   Orc:2 [!(*=   Elf:1 !   Elf:3 (
Snake:3 (   Vaults:1 =   Vaults:4 [   Vaults:5 =[

Portals:
Hell: Depths:1 Depths:2 Depths:3 Depths:4
Abyss: Depths:3
Pandemonium: Orc:2 Depths:1 Depths:2 Depths:4
Ziggurat: Depths:2

Annotations:
Depths:1 Mara


Innate Abilities, Weirdness & Mutations

You are too large for most types of armour.
You have claws for hands.
Your natural rate of healing is unusually fast.
You are covered in fur. (AC +1)
You have tough skin. (AC +1)
You are partially covered in iridescent scales. (AC +2)
You are clumsy. (Dex -2)
You occasionally shout uncontrollably at your foes.


Message History

There is a stone staircase leading up here.
You climb upwards.
There is a stone staircase leading down here.
There is a stone staircase leading up here.
You climb upwards.
There is a stone staircase leading down here.
You enter the shallow water.
There is a stone staircase leading up here.
You climb upwards.
There is a stone staircase leading down here.
A rust devil comes into view.
You yell at the rust devil!
You block the rust devil's attack.
You claw the rust devil!
The rust devil is moderately wounded.
You barely miss the rust devil.
The rust devil is moderately wounded.
You block the rust devil's attack.
You eviscerate the rust devil!!!
You kill the rust devil!
Okawaru accepts your kill.
There is an open door here.
(D) Dungeon (T) Temple (L) Lair (A) Shoals (P) Snake Pit (M) Slime Pits (O) Orcish Mines (E) Elven Halls (V) Vaults (C) Crypt (U) Depths (H) Hell (Z) Zot
Where to? (Tab/Enter - D:1 @ (x,y), ? - help)
There is a stone staircase leading up here.
You climb upwards.
There is a stone staircase leading down here.
There is a stone staircase leading up here.
You climb upwards.
There is a stone staircase leading down here.
You see here a +0 club.
There is a stone staircase leading up here.
You climb upwards.
There is a stone staircase leading down here.
There is an open door here.
There is a staircase leading out of the dungeon here.
You have escaped!

#.###..#..## #.#
..#.#.###..# #.#
#..........####.#
##.###..##......#
##.# ##.###'######
##.# #.#♣P.♣PPPP#
##.####.+.....♣P≈#
........#PP~.....#
#########~P♣P♣~.@#
##########


There were no monsters in sight!

Vanquished Creatures
  the Royal Jelly (Slime:5)
  An ancient lich (Vaults:5)
  2 orbs of fire (Zot:5)
  Tiamat (Zot:1)
  A juggernaut (Depths:3)
  Parghit (Zot:1)
  3 Killer Klowns
  6 caustic shrikes
  Saint Roka (Orc:2)
  Vashnia (Snake:4)
  A curse toe (Zot:5)
  21 golden dragons
  A profane servitor (Abyss:3)
  Nikola (Vaults:3)
  2 bone dragons
  Jorgrun (Snake:2)
  A Brimstone Fiend (Depths:2)
  3 electric golems
  Rupert (D:14)
  A Hell Sentinel (Depths:2)
  20 tentacled monstrosities
  4 titans (Vaults:5)
  21 Orb Guardians (Zot:5)
  8 quicksilver dragons
  A walking earthen tome (Depths:3)
  2 deep elf master archers (Elf:3)
  2 pandemonium lords (Depths:3)
  A kraken (Abyss:3)
  2 deep elf blademasters (Elf:3)
  7 sphinxes
  2 ancient champions
  8 acid blobs
  8 death cobs
  2 tentacled starspawn (Abyss:3)
  The ghost of Pooter the Severer, an adept MiMo of Okawaru (Snake:2)
  Agnes (Vaults:3)
  Kirke (D:14)
  5 draconian monks
  12 shadow dragons
  8 tengu reavers
  5 nagarajas (Snake:4)
  14 azure jellies
  Ilsuiw (Shoals:2)
  A daeva (Abyss:3)
  5 protean progenitors
  15 storm dragons
  Aizul (Snake:2)
  6 rockslimes
  8 frost giants
  9 fire giants
  4 draconian knights
  9 deep elf sorcerers (Elf:3)
  3 draconian shifters
  5 ghost moths
  2 angels
  A ghoul (Vaults:3)
  3 iron dragons
  22 vault wardens
  7 draconian annihilators
  3 draconian scorchers (Zot:2)
  3 balrugs
  4 deep elf elementalists
  4 draconian stormcallers
  A reaper (Depths:4)
  4 spriggan defenders (Depths:4)
  10 stone giants
  2 azure jellies (shapeshifter) (Depths:2)
  3 formless jellyfish (Slime:5)
  3 orc warlords
  15 ironbound preservers
  12 very ugly things
  11 quicksilver oozes
  2 vampire knights (Vaults:3)
  4 green draconians
  8 ironbound thunderhulks
  A quicksilver ooze (shapeshifter) (Depths:2)
  An apis (Shoals:3)
  2 grey draconians (Depths:4)
  Nessos (D:13)
  11 black draconians
  5 deep elf demonologists
  7 yellow draconians
  4 deep elf death magi
  10 war gargoyles
  A minotaur (Gauntlet)
  13 deep elf annihilators
  8 purple draconians
  23 dire elephants
  11 white draconians
  5 red draconians
  A lorocyproca (Depths:1)
  An eidolon (Vaults:3)
  Snorg (D:10)
  Josephine (D:10)
  4 spark wasps
  4 crystal guardians
  9 merfolk impalers
  2 blizzard demons (IceCv)
  4 entropy weavers
  7 ettins
  8 merfolk javelineers
  18 yaktaur captains
  5 great orbs of eyes
  A great orb of eyes (shapeshifter) (Depths:2)
  7 deep elf high priests
  17 fire dragons
  4 salamander tyrants (Snake:4)
  2 caustic shrike simulacra (IceCv)
  2 hell beasts
  An entropy weaver (shapeshifter) (Depths:2)
  A peacekeeper (Vaults:3)
  13 ice dragons
  30 vault guards
  2 ogre magi (Vaults:5)
  A sphinx zombie (Depths:1)
  5 catoblepae
  8 hydras
  A rakshasa (Depths:3)
  A demonspawn (Orc:2)
  6 spriggan air magi
  5 two-headed ogres
  7 anacondas
  9 boulder beetles
  11 centaur warriors
  A ghost crab (Gauntlet)
  10 ironbound frosthearts
  An alligator snapping turtle (Shoals:2)
  A merfolk avatar (Shoals:1)
  8 merfolk aquamancers
  36 dancing weapons
  5 deep troll shamans
  2 hell hogs
  5 tengu warriors
  7 deep troll earth magi
  2 death yaks
  18 naga sharpshooters
  7 naga warriors
  2 thrashing horrors (Abyss:3)
  A death yak (shapeshifter) (Depths:2)
  2 holy swine (Shoals:4)
  4 shock serpents
  2 spriggan berserkers
  7 orc high priests (Orc:2)
  A soul eater (Depths:4)
  Sonja (D:11)
  13 deep elf knights
  A fire crab (Volcano)
  2 sun demons (D:15)
  A hell knight (Depths:2)
  A sixfirhy (D:15)
  10 iron trolls
  A deep troll (shapeshifter) (Depths:2)
  A spark wasp zombie (Depths:1)
  4 skysharks
  49 deep trolls
  11 glowing orange brains
  5 salamander mystics
  3 skeletal warriors (D:14)
  A wretched star (Depths:3)
  Lodul (D:13)
  3 cherubim (Shoals:4)
  A death drake (Abyss:3)
  15 sea snakes
  A shadow demon (Depths:4)
  9 spriggan simulacra (IceCv)
  2 anacondas (shapeshifter) (Depths:2)
  7 naga ritualists
  A swamp dragon (Lair:5)
  11 orc knights
  6 arcanists
  2 flayed ghosts
  8 lindwurms
  9 starcursed masses (Abyss:3)
  5 obsidian statues
  A tengu zombie (Vaults:2)
  18 harpies
  11 deep elf archers
  20 ironbound convokers
  4 necromancers
  27 deep elf pyromancers
  12 deep elf zephyrmancers
  2 oklob plants (Lair:4)
  4 phantasmal warriors
  28 ugly things
  5 orc sorcerers
  6 mana vipers
  15 salamanders
  11 fauns
  5 shining eyes
  22 manticores
  A tengu skeleton (Vaults:2)
  An iron dragon skeleton (Depths:1)
  41 moths of wrath
  A will-o-the-wisp (Abyss:3)
  6 guardian serpents
  3 kobold blastminers (Orc:2)
  8 merfolk sirens
  3 cyclopes
  2 shining eyes (shapeshifter) (Vaults:5)
  7 water nymphs
  A meliai (shapeshifter) (Depths:2)
  2 rust devils
  A worldbinder (Abyss:3)
  22 vault sentinels
  An apocalypse crab (Depths:3)
  A frost giant skeleton (Vaults:4)
  A smoke demon (Orc:2)
  A black mamba (shapeshifter) (Elf:2)
  10 elephants
  2 torpor snails
  A stone giant skeleton (Depths:1)
  29 black mambas
  23 naga magi
  3 molten gargoyles (Depths:2)
  An orange demon (Orc:2)
  A gargoyle (D:14)
  An unseen horror (D:11)
  3 eyes of devastation (Zot:3)
  4 large abominations
  10 cane toads
  A yaktaur zombie (Vaults:2)
  2 minotaur zombies (Gauntlet)
  A yaktaur skeleton (Vaults:4)
  8 ice devils (IceCv)
  15 komodo dragons
  20 rime drakes
  2 efreet
  45 yaktaurs
  3 anaconda simulacra (IceCv)
  8 freezing wraiths
  A red devil (Orc:2)
  19 merfolk
  Psyche (D:9)
  10 polar bears
  2 ancient zymes (Abyss:3)
  12 trolls
  3 tengu conjurers
  8 catoblepas skeletons (Abyss:3)
  An alligator simulacrum (IceCv)
  3 hornets (Depths:4)
  8 wind drakes
  12 raiju
  A tarantella (shapeshifter) (Vaults:5)
  3 hellwings
  A frost giant simulacrum (Depths:1)
  3 snapping turtles
  A human simulacrum (Vaults:2)
  23 blink frogs
  6 dream sheep
  A fire giant simulacrum (Vaults:4)
  Sigmund (D:5)
  58 slime creatures
  11 air elementals
  2 shadows
  3 dire elephant simulacra (IceCv)
  A vampire (D:13)
  3 ynoxinuls
  3 spriggans (Depths:4)
  13 wyverns
  A human (shapeshifter) (Vaults:5)
  13 basilisks
  12 fire elementals
  8 wraiths
  41 yaks
  7 fire bats
  20 water elementals
  16 humans (D:13)
  Eustachio (D:5)
  5 hogs (D:14)
  6 redbacks
  7 vampire mosquitoes
  9 wargs
  A neqoxec (Abyss:3)
  7 minotaur simulacra (IceCv)
  3 steam dragons
  Menkaure (D:4)
  2 harpy simulacra
  Edmund (D:5)
  34 nagas
  10 acid dragons
  A glowing shapeshifter skeleton (Vaults:4)
  23 hell hounds
  A hydra simulacrum (IceCv)
  17 water moccasins
  Duvessa (D:5)
  A human zombie (Vaults:4)
  A swamp drake (Lair:5)
  4 sky beasts
  5 ogres (Orc:2)
  5 laughing skulls
  29 orc warriors
  15 black bears
  7 ice beasts
  16 centaurs
  39 wolves
  5 phantoms
  3 kobold brigands
  2 brain worms (Abyss:3)
  A gnoll sergeant (D:10)
  2 scorpions
  3 small abominations (Abyss:3)
  13 bullfrogs
  15 earth elementals
  9 deep troll simulacra (IceCv)
  Dowan (D:5)
  14 wights
  17 killer bees
  4 howler monkeys (D:9)
  4 electric eels
  A bombardier beetle (D:7)
  11 jellies
  8 hounds
  28 orc priests
  2 gnoll boudas (D:7)
  3 sleepcaps
  5 iguanas
  16 orc wizards
  22 hell rats
  6 gnolls
  5 adders
  2 shadow imps
  6 white imps
  2 ufetubi (D:7)
  5 dart slugs
  5 ribbon worms
  69 orcs
  4 ball pythons
  5 bats
  12 endoplasms
  10 giant cockroaches
  8 goblins
  14 hobgoblins
  A jackal (D:5)
  6 quokkas
  3 frilled lizards
  16 kobolds
  4 rats
  2 ball lightnings (Depths:2)
  4 starspawn tentacles (Abyss:3)
  4 tentacles (Abyss:3)
2439 creatures vanquished.

Vanquished Creatures (others)
  2 merfolk aquamancers (Shoals:4)
  A water elemental (Depths:2)
  A kobold (D:9)
  6 ball lightnings (Depths:2)
  A foxfire (Abyss:3)
  A lurking horror (Abyss:3)
  A starspawn tentacle (Abyss:3)
  12 tentacles (Abyss:3)
25 creatures vanquished.

Grand Total: 2464 creatures vanquished

Notes
Turn   | Place    | Note
-------+----------+-------------------------------------------
     0 | D:1      | Implojin the Troll Hunter began the quest for the Orb.
     0 | D:1      | Reached XP level 1. HP: 19/19 MP: 0/0
    47 | D:1      | Reached skill level 1 in Unarmed Combat
   163 | D:1      | Reached XP level 2. HP: 27/27 MP: 1/1
   173 | D:1      | Reached skill level 2 in Unarmed Combat
   341 | D:1      | Reached XP level 3. HP: 33/33 MP: 2/2
   447 | D:1      | Reached skill level 3 in Unarmed Combat
   952 | D:2      | Reached XP level 4. HP: 41/41 MP: 3/3
  1379 | D:2      | Reached skill level 4 in Unarmed Combat
  1488 | D:2      | Found a faded altar of an unknown god.
  2246 | D:3      | HP: 2/41 [gnoll/+0 spear (9)]
  2247 | D:3      | Reached XP level 5. HP: 3/48 MP: 4/4
  2397 | D:3      | Reached skill level 5 in Unarmed Combat
  2613 | D:3      | Found an iron altar of Okawaru.
  2613 | D:3      | Found a white marble altar of Elyvilon.
  2696 | D:3      | Became a worshipper of Warmaster Okawaru
  3000 | D:4      | Noticed Menkaure
  3001 | D:4      | Killed Menkaure
  3002 | D:4      | Reached skill level 6 in Unarmed Combat
  3002 | D:4      | Reached XP level 6. HP: 55/55 MP: 5/5
  3269 | D:4      | Reached skill level 1 in Evocations
  3709 | D:5      | Entered Level 5 of the Dungeon
  3737 | D:5      | Reached * piety under Okawaru
  3738 | D:5      | Reached XP level 7. HP: 40/65 MP: 6/6
  4001 | D:5      | Noticed Sigmund
  4004 | D:5      | Killed Sigmund
  4005 | D:5      | Noticed Eustachio
  4027 | D:5      | Killed Eustachio
  4108 | D:5      | Found Dyrooz's Antique Armour Shoppe.
  4113 | D:5      | Bought a runed robe for 74 gold pieces
  4165 | D:5      | Noticed Edmund
  4170 | D:5      | Killed Edmund
  4170 | D:5      | Reached ** piety under Okawaru
  4171 | D:5      | Reached skill level 7 in Unarmed Combat
  4171 | D:5      | Reached XP level 8. HP: 72/72 MP: 4/7
  4230 | D:5      | Noticed Dowan
  4231 | D:5      | Noticed Duvessa
  4250 | D:5      | Killed Duvessa
  4251 | D:5      | Reached skill level 8 in Unarmed Combat
  4254 | D:5      | Killed Dowan
  4409 | D:5      | Found a snail-covered altar of Cheibriados.
  4530 | D:5      | Reached skill level 9 in Unarmed Combat
  4538 | D:6      | Found Zappaq's Elemental Accessories.
  4714 | D:6      | Reached skill level 10 in Unarmed Combat
  4924 | D:6      | Reached *** piety under Okawaru
  4925 | D:6      | Reached XP level 9. HP: 79/79 MP: 8/8
  4973 | D:6      | Found a staircase to the Ecumenical Temple.
  5099 | D:7      | Reached skill level 11 in Unarmed Combat
  5221 | D:7      | Found a sparkling altar of Nemelex Xobeh.
  5436 | D:7      | Identified the +0 pair of gloves "Otrag" {rCorr Int+3}
  5594 | D:7      | Reached skill level 12 in Unarmed Combat
  5678 | D:7      | Reached **** piety under Okawaru
  5837 | D:7      | Reached XP level 10. HP: 67/94 MP: 7/9
  5843 | D:7      | Reached skill level 5 in Fighting
  5848 | D:7      | Reached skill level 1 in Invocations
  5859 | D:7      | Identified the +1 leather armour "Niut" {Fly}
  6495 | D:8      | Found a hazy altar of Hepliaklqana.
  6963 | D:9      | Identified the +1 pair of gloves of the Trombone {Stlth+}
  6990 | D:8      | Reached skill level 5 in Invocations
  7106 | D:9      | Noticed Psyche
  7135 | D:9      | Killed Psyche
  7512 | D:9      | Noticed a two-headed ogre
  7519 | D:9      | Killed a two-headed ogre
  7519 | D:9      | Reached ***** piety under Okawaru
  7586 | D:9      | Reached XP level 11. HP: 97/102 MP: 16/16
  7803 | D:9      | Found a broken altar of Ashenzari.
  7830 | D:9      | Found a sacrificial altar of Ru.
  7990 | D:10     | Entered Level 10 of the Dungeon
  7992 | D:10     | Noticed Josephine
  8019 | D:10     | Killed Josephine
  8020 | D:10     | Noticed a two-headed ogre
  8034 | D:10     | Killed a two-headed ogre
  8034 | D:10     | Received a gift from Okawaru
  8035 | D:10     | Reached skill level 5 in Dodging
  8103 | D:10     | Found a staircase to the Lair.
  8217 | D:10     | Found Ikhluluth's Magic Scroll Emporium.
  8242 | D:10     | Bought 3 scrolls of fear for 168 gold pieces
  8242 | D:10     | Bought a scroll of identify for 28 gold pieces
  8242 | D:10     | Bought a scroll of fog for 56 gold pieces
  8242 | D:10     | Bought a scroll of enchant armour for 105 gold pieces
  8242 | D:10     | Bought a scroll of identify for 28 gold pieces
  8242 | D:10     | Bought a scroll of identify for 28 gold pieces
  8242 | D:10     | Bought a scroll of enchant armour for 105 gold pieces
  8321 | D:10     | Found Daeric's Weapon Shop.
  8326 | D:10     | Identified the +3 leather armour of Ytou {rElec rF+ Stlth+}
  8386 | D:10     | Noticed Snorg
  8392 | D:10     | Killed Snorg
  8436 | D:10     | Found Gidoapna's Antique Armour Boutique.
  8551 | D:10     | Found Umeed's Magic Scroll Shoppe.
  8565 | D:10     | Received a gift from Okawaru
  8599 | D:10     | Found Jivvuc's Armour Shop.
  8930 | D:11     | Found a staircase to the Orcish Mines.
  9232 | D:11     | Noticed a two-headed ogre
  9252 | D:11     | Killed a two-headed ogre
  9271 | D:11     | Reached XP level 12. HP: 72/111 MP: 17/17
  9429 | D:11     | Found Keved's Jewellery Shop.
  9604 | D:11     | Noticed Sonja
  9616 | D:11     | Killed Sonja
  9616 | D:11     | Received a gift from Okawaru
  9665 | D:11     | Noticed a boulder beetle
  9679 | D:11     | Killed a boulder beetle
  9867 | D:11     | Reached skill level 10 in Dodging
  9960 | Orc:1    | Entered Level 1 of the Orcish Mines
  9960 | Orc:1    | Noticed an orc warlord
  9968 | Orc:1    | Reached skill level 1 in Throwing
  9985 | D:11     | Killed an orc warlord
 10614 | Orc:2    | Entered Level 2 of the Orcish Mines
 10704 | Orc:2    | Found a dark tunnel.
 10717 | Volcano  | Entered a volcano
 10746 | Volcano  | Received a gift from Okawaru
 10777 | Volcano  | Noticed a hell hog
 10790 | Volcano  | Killed a hell hog
 11331 | Orc:2    | Noticed Saint Roka
 11389 | Orc:2    | Found a shimmering altar of Xom.
 11393 | Orc:2    | Found a staircase to the Elven Halls.
 11507 | Orc:2    | Killed Saint Roka
 11508 | Orc:2    | Reached XP level 13. HP: 63/128 MP: 10/18
 11579 | Orc:2    | Found Wueqyurr's Armour Boutique.
 12090 | Orc:2    | Found Kuadworch's Distillery.
 12102 | Orc:2    | Found Tuamypti's General Store.
 12432 | Orc:2    | Reached skill level 10 in Fighting
 12447 | Orc:2    | Reached skill level 5 in Throwing
 12686 | Orc:2    | Found Wengiryl's Jewellery Shoppe.
 12686 | Orc:2    | Found Dinun's Antique Weapon Emporium.
 12686 | Orc:2    | Found a one-way gate leading to the halls of Pandemonium.
 13178 | D:11     | Bought a +4 ring of protection for 504 gold pieces
 13338 | Orc:2    | Bought a potion of heal wounds for 60 gold pieces
 13411 | Lair:1   | Entered Level 1 of the Lair of Beasts
 13466 | Lair:1   | Identified the +7 quarterstaff "Darecadd" {flame, Int+4}
 13751 | Lair:1   | Received a gift from Okawaru
 14676 | D:10     | Bought a +2 hat of stealth for 273 gold pieces
 14920 | Lair:2   | Reached XP level 14. HP: 90/143 MP: 17/19
 15057 | Lair:2   | Found a staircase to the Snake Pit.
 15446 | Lair:2   | Reached skill level 10 in Throwing
 15969 | Lair:3   | Reached skill level 1 in Armour
 16048 | Lair:3   | Received a gift from Okawaru
 16337 | Lair:2   | Reached skill level 5 in Armour
 16656 | Lair:3   | Found a staircase to the Shoals.
 17438 | Lair:4   | Found a staircase to the Slime Pits.
 17446 | Lair:4   | Found a viscous altar of Jiyva.
 17681 | Lair:4   | Received a gift from Okawaru
 18408 | Lair:5   | Entered Level 5 of the Lair of Beasts
 18904 | Lair:5   | Reached XP level 15. HP: 148/149 MP: 20/20
 18959 | Lair:5   | Identified a scroll of acquirement
 18981 | Lair:5   | Acquired the amulet of Liofoy {Spirit +Blink Will++}
 19338 | Lair:5   | Received a gift from Okawaru
 19399 | Lair:5   | Reached skill level 10 in Armour
 19864 | Lair:5   | Reached skill level 13 in Unarmed Combat
 20350 | D:12     | Found Hyliojy's Distillery.
 20361 | D:12     | Bought a potion of heal wounds for 65 gold pieces
 20361 | D:12     | Bought a potion of heal wounds for 65 gold pieces
 20361 | D:12     | Bought a potion of might for 52 gold pieces
 20361 | D:12     | Bought a potion of might for 52 gold pieces
 20361 | D:12     | Bought a potion of haste for 130 gold pieces
 20601 | D:12     | You fall into a shaft and drop 2 floors!
 20808 | D:13     | Found a gate leading to a gauntlet.
 20825 | Gauntlet | Entered a Gauntlet
 20825 | Gauntlet | Found a transporter.
 20825 | Gauntlet | Found a transporter.
 20827 | Gauntlet | Found a transporter.
 20828 | Gauntlet | Found a transporter.
 20830 | Gauntlet | Found a transporter.
 20874 | Gauntlet | Found a transporter.
 20874 | Gauntlet | Found a transporter.
 20877 | Gauntlet | Found a transporter.
 20889 | Gauntlet | Found a transporter.
 20904 | Gauntlet | Found a runed translucent gate.
 20905 | Gauntlet | Found a transporter.
 20905 | Gauntlet | Found a runed translucent gate.
 20906 | Gauntlet | Found a runed translucent gate.
 20912 | Gauntlet | Found the sphere of Battle
 20914 | Gauntlet | Found a transporter.
 20919 | Gauntlet | Found a transporter.
 20932 | Gauntlet | Found a runed translucent door.
 20964 | Gauntlet | Found a transporter.
 20980 | Gauntlet | Found a transporter.
 21051 | Gauntlet | :should have changed to rf robe before that
 21076 | Gauntlet | Identified the +0 pair of boots of Xoicytzosae {+Blink
                  | Str+3 Dex-2}
 21118 | Gauntlet | Reached skill level 14 in Unarmed Combat
 21130 | Gauntlet | Identified the ring "Peat" {rPois Str+3}
 21342 | D:13     | Noticed Nessos
 21344 | D:13     | Noticed Lodul
 21410 | D:13     | Killed Nessos
 21420 | D:13     | Killed Lodul
 21434 | D:13     | Found a gate to the Vaults.
 21527 | D:13     | Reached skill level 15 in Unarmed Combat
 21823 | D:14     | Noticed Kirke
 21978 | D:14     | Found a bloodstained altar of Trog.
 22060 | D:14     | Identified the +8 short sword "Newtslayer" {protect, Int+2
                  | Dex+5 Stlth+}
 22096 | D:14     | Identified the +3 spear "Bikkys" {holy, Fly Str+3 SInv
                  | Stlth+}
 22124 | D:14     | Identified the maw talisman of Tender Moments {rPois rCorr
                  | Dex+4}
 22124 | D:14     | Noticed Rupert
 22203 | D:14     | Killed Rupert
 22327 | D:14     | Killed Kirke
 22463 | D:14     | Reached XP level 16. HP: 162/162 MP: 21/21
 22626 | D:15     | Entered Level 15 of the Dungeon
 22818 | D:15     | Received a gift from Okawaru
 22831 | D:15     | Found a portal to a secret trove of treasure.
 22888 | D:15     | Found a frozen archway.
 22900 | IceCv    | Entered an ice cave
 23140 | IceCv    | Reached skill level 1 in Shields
 23645 | IceCv    | Got the Atlas of Spectres
 23723 | IceCv    | Reached skill level 5 in Shields
 24006 | D:15     | Found a staircase to the Depths.
 24861 | D:15     | Found a white marble altar of Elyvilon.
 24861 | D:15     | Found a glowing silver altar of Zin.
 24864 | D:15     | Found a glowing golden altar of the Shining One.
 25080 | Snake:1  | Entered Level 1 of the Snake Pit
 25302 | Snake:1  | Received a gift from Okawaru
 26802 | Snake:2  | Identified the +1 morningstar "Hiunt" {heavy, Str+4}
 26991 | Snake:2  | Found a runed translucent door.
 27000 | Snake:2  | Noticed Pooter's ghost (adept MiMo)
 27015 | Snake:2  | Noticed Jorgrun
 27030 | Snake:2  | Identified the serpent talisman of Loimun {Dex+2 SInv}
 27030 | Snake:2  | Noticed Aizul
 27037 | Snake:2  | Killed Jorgrun
 27042 | Snake:2  | Killed Aizul
 27050 | Snake:2  | Reached XP level 17. HP: 127/172 MP: 13/22
 27088 | Snake:2  | You fall into a shaft and drop 1 floor!
 27165 | Snake:3  | Found an opulent altar of Gozag.
 27184 | Snake:3  | Reached skill level 10 in Shields
 27618 | Snake:2  | Killed Pooter's ghost
 27878 | Snake:3  | Found Ruutug's Weapon Boutique.
 27899 | Snake:3  | Received a gift from Okawaru
 28535 | Snake:4  | Entered Level 4 of the Snake Pit
 29080 | Arena    | Entered the Arena
 29742 | Snake:4  | Received a gift from Okawaru
 29984 | Snake:4  | Noticed Vashnia
 30038 | Snake:4  | Killed Vashnia
 30834 | Snake:4  | Got a serpentine rune of Zot
 31098 | Shoals:1 | Entered Level 1 of the Shoals
 31562 | Shoals:1 | Reached XP level 18. HP: 173/182 MP: 21/23
 31683 | Shoals:2 | Received a gift from Okawaru
 31968 | Shoals:2 | Reached skill level 10 in Invocations
 32138 | Shoals:2 | Noticed Ilsuiw
 32433 | Shoals:2 | Killed Ilsuiw
 33029 | Shoals:3 | Received a gift from Okawaru
 33208 | Shoals:3 | Reached skill level 16 in Unarmed Combat
 33362 | Shoals:4 | Entered Level 4 of the Shoals
 33547 | Arena    | Entered the Arena
 33999 | Shoals:4 | Reached skill level 17 in Unarmed Combat
 34046 | Shoals:4 | Found a white marble altar of Elyvilon.
 34083 | Shoals:4 | Got a barnacled rune of Zot
 34204 | Shoals:4 | Found a glowing golden altar of the Shining One.
 34312 | Shoals:4 | Identified the +0 plate armour of Wu Jian's Displeasure
                  | {Harm rCorr Str-3}
 34319 | Shoals:4 | Identified the staff of Huraycw {rPois rF+ rN+ Will+
                  | Alchemy}
 34321 | Shoals:4 | Identified the +4 scimitar "Hoixes" {freeze, Str+3}
 34512 | Shoals:4 | Found a glowing silver altar of Zin.
 34920 | Vaults:1 | Entered Level 1 of the Vaults
 35007 | Vaults:1 | Received a gift from Okawaru
 35131 | Vaults:1 | Reached skill level 18 in Unarmed Combat
 35131 | Vaults:1 | Reached XP level 19. HP: 189/189 MP: 26/26
 35730 | Vaults:1 | Reached skill level 19 in Unarmed Combat
 35753 | Vaults:1 | Received a gift from Okawaru
 36228 | Vaults:1 | Found Acuohen's Jewellery Shop.
 36484 | Vaults:1 | Identified the +0 cloak "Cejogewa" {^Drain rC+ Int+3}
 36558 | Vaults:2 | Received a gift from Okawaru
 36783 | Vaults:2 | Reached skill level 20 in Unarmed Combat
 37024 | Vaults:2 | Received a gift from Okawaru
 37918 | Vaults:2 | Reached XP level 20. HP: 205/205 MP: 27/27
 38834 | Vaults:3 | Noticed Nikola
 38847 | Vaults:3 | Killed Nikola
 39057 | Vaults:3 | Reached skill level 15 in Fighting
 39216 | Vaults:3 | Found a staircase to the Crypt.
 39356 | Vaults:3 | Noticed Agnes
 39363 | Vaults:3 | Killed Agnes
 39363 | Vaults:3 | Received a gift from Okawaru
 40529 | Vaults:4 | Reached skill level 21 in Unarmed Combat
 40827 | Vaults:4 | Received a gift from Okawaru
 41129 | Vaults:4 | Identified the +1 longbow of Symmetry {speed, Int+3}
 41918 | Vaults:4 | Received a gift from Okawaru
 42000 | Vaults:4 | Found Vicul's Armour Shop.
 42089 | Vaults:4 | Reached skill level 22 in Unarmed Combat
 42581 | Elf:1    | Entered Level 1 of the Elven Halls
 42592 | Elf:1    | Reached XP level 21. HP: 118/218 MP: 14/28
 42704 | Elf:1    | Identified the +0 sling "Grim Tooth" {speed, rPois MP+9
                  | Int-2 Dex+4}
 42925 | Elf:1    | Found Ucua's Distillery.
 43272 | Elf:1    | Reached skill level 15 in Shields
 43308 | Elf:1    | Identified the +4 war axe "Ucrihidgh" {protect, *Corrode
                  | MP+9 Int+3}
 43848 | Elf:2    | Identified the +7 hand cannon "Litt" {drain, rN+ rCorr
                  | Str-4 Dex+2}
 43958 | Elf:2    | Paralysed by an air elemental for 1 turns
 44054 | Elf:2    | Found a runed translucent gate.
 44054 | Elf:2    | Found a runed translucent gate.
 44054 | Elf:2    | Found a runed translucent gate.
 44074 | Elf:2    | Paralysed by an air elemental for 1 turns
 44079 | Elf:2    | Paralysed by an air elemental for 1 turns
 44106 | Elf:2    | Received a gift from Okawaru
 44807 | Elf:3    | Entered Level 3 of the Elven Halls
 45110 | Elf:3    | Found Heul's Antique Weapon Emporium.
 45496 | Elf:3    | Received a gift from Okawaru
 45676 | Elf:3    | Identified the ring "Vihefyal" {rF+ EV+5 Str+2 Dex+2}
 45716 | Elf:3    | Identified the +1 robe "Wual" {rN++ Regen+}
 45722 | Elf:3    | Identified the amulet of the Seer {Acrobat Str+2}
 45876 | Elf:3    | Identified the +9 plate armour of Virtue {rF+ Int+3}
 45971 | Elf:3    | Paralysed by an air elemental for 1 turns
 45979 | Elf:3    | Paralysed by an air elemental for 1 turns
 46123 | Elf:3    | Identified the +1 robe of Fakhlen {rElec}
 46227 | Elf:3    | Identified the amulet of Eternity {Acrobat rC+ rCorr Dex+2}
 46273 | Elf:3    | Identified the +4 flail "Jyqaceomm" {elec, rPois SInv}
 46394 | Elf:3    | Identified the +1 chain mail "Zudiesmu" {rC+}
 46445 | Elf:3    | Identified the +4 short sword "Paemuque" {drain, rCorr
                  | Dex+4}
 46451 | Elf:3    | Got the Anthology of the Volley
 47168 | D:15     | You paid a toll of a +8 demon trident to enter a treasure
                  | trove
 47169 | Trove    | Entered a treasure trove
 47177 | Trove    | Identified the +2 glaive of the Grinning Whale {flame,
                  | ^Contam rPois rF+ Str+2}
 47216 | Trove    | Identified the +9 long sword "Fuzoc" {flame, rPois Will+
                  | Dex+2}
 47449 | Depths:1 | Entered Level 1 of the Depths
 47620 | Depths:1 | You fall into a shaft and drop 1 floor!
 47725 | Depths:2 | Received a gift from Okawaru
 47730 | Depths:2 | Paralysed by an air elemental for 1 turns
 47822 | Depths:2 | Reached XP level 22. HP: 69/227 MP: 6/29
 48031 | Depths:2 | Gained mutation: You are vulnerable to heat. (rF-) [a
                  | shining eye]
 48080 | Depths:2 | Lost mutation: You are vulnerable to heat. (rF-) [potion of
                  | mutation]
 48080 | Depths:2 | Gained mutation: You occasionally shout uncontrollably at
                  | your foes. [potion of mutation]
 48080 | Depths:2 | Gained mutation: You are partially covered in iridescent
                  | scales. (AC +2) [potion of mutation]
 48221 | Depths:1 | Noticed Mara
 48454 | Depths:1 | Found a hide-covered altar of Uskayaw.
 48591 | Depths:1 | Found a gateway to Hell.
 48890 | Depths:2 | Paralysed by an air elemental for 1 turns
 48972 | Depths:2 | Received a gift from Okawaru
 48980 | Depths:2 | Identified the +7 morningstar of Accidental Termination
                  | {speed, Str+5 Int+3}
 49228 | Depths:2 | Found a one-way gateway to a ziggurat.
 49300 | Depths:2 | Identified the +1 great sword of Losmiede {elec, rElec
                  | Will- Str+3 Dex+6}
 49367 | Depths:2 | Identified the +8 spear "Asam" {flame, *Corrode rF+ rC+
                  | Str+6}
 49809 | Depths:3 | Found a radiant altar of Vehumet.
 49871 | Depths:3 | Noticed a juggernaut
 49886 | Depths:3 | Killed a juggernaut
 49902 | Depths:3 | Received a gift from Okawaru
 49910 | Depths:3 | Noticed a caustic shrike
 49925 | Depths:3 | Killed a caustic shrike
 50218 | Arena    | Entered the Arena
 50693 | Depths:3 | Reached XP level 23. HP: 235/235 MP: 31/31
 50783 | Depths:3 | Found a one-way gate to the infinite horrors of the Abyss.
 51246 | Depths:4 | Entered Level 4 of the Depths
 51361 | Depths:4 | Noticed a caustic shrike
 51374 | Depths:4 | Killed a caustic shrike
 51376 | Depths:4 | Noticed a caustic shrike
 51389 | Depths:4 | Killed a caustic shrike
 51389 | Depths:4 | Reached ****** piety under Okawaru
 51389 | Depths:4 | Received a gift from Okawaru
 51395 | Depths:4 | Acquired the +8 eveningstar "Tattletale" {venom, rF- rC+
                  | rCorr SInv}
 51395 | Depths:4 | Received a gift from Okawaru
 51397 | Depths:4 | Acquired the scarf "Xivoi" {shadows, rPois rN+ Dex+3}
 51397 | Depths:4 | Received a gift from Okawaru
 51415 | Depths:4 | Noticed a caustic shrike
 51416 | Depths:4 | Noticed a caustic shrike
 51429 | Depths:4 | Noticed a caustic shrike
 51435 | Depths:4 | Killed a caustic shrike
 51445 | Depths:4 | Killed a caustic shrike
 51451 | Depths:4 | Killed a caustic shrike
 52627 | Depths:4 | Received a gift from Okawaru
 52772 | Depths:4 | Found a gate to the Realm of Zot.
 53101 | Orc:2    | Bought the ring "Vepe Moe" {rF- rC++ rN++ AC+4} for 896
                  | gold pieces
 53485 | Vaults:5 | Entered Level 5 of the Vaults
 53649 | Vaults:5 | Got a silver rune of Zot
 53809 | Vaults:5 | Identified the +10 flail "Zefoc" {spect, rElec rN++ MP+9
                  | Str-3}
 53857 | Vaults:5 | Noticed an ancient lich
 53883 | Vaults:5 | Killed an ancient lich
 54033 | Vaults:5 | Received a gift from Okawaru
 54127 | Vaults:5 | Found Qytebaeshre's Antique Armour Shoppe.
 54187 | Vaults:5 | Reached XP level 24. HP: 226/244 MP: 29/31
 54221 | Vaults:5 | Found Xoesmei's Jewellery Emporium.
 54684 | Vaults:5 | Reached skill level 15 in Dodging
 54861 | Vaults:5 | Received a gift from Okawaru
 55575 | Slime:1  | Entered Level 1 of the Pits of Slime
 55833 | Slime:4  | You fall into a shaft and drop 1 floor!
 55833 | Slime:5  | Entered Level 5 of the Pits of Slime
 55854 | Slime:5  | Noticed the Royal Jelly
 55869 | Slime:5  | Killed the Royal Jelly
 55931 | Slime:5  | Identified the +2 helmet of the Lost Path {Will+ Dex+4
                  | Stlth-}
 55954 | Slime:5  | Got the Atlas of Igneous Anathema
 55957 | Slime:5  | Identified the amulet "Anuseurr" {Acrobat Str+2}
 55969 | Slime:5  | Found the +9 sword of Zonguldrok {reap}
 55984 | Slime:5  | Got a starry gem with 277 turns to spare
 55984 | Slime:5  | Got a slimy rune of Zot
 56002 | Slime:5  | Identified the ring "Zuvucs" {rCorr MP+9 Int+2 Dex+2
                  | Stlth+}
 56475 | Depths:3 | Voluntarily entered the Abyss.
 56475 | Abyss:1  | Found a corrupted altar of Lugonu.
 56518 | Abyss:3  | Found a corrupted altar of Lugonu.
 56525 | Abyss:3  | Found a corrupted altar of Lugonu.
 56710 | Abyss:3  | Received a gift from Okawaru
 56739 | Depths:3 | Escaped the Abyss
 56741 | Depths:3 | Voluntarily entered the Abyss.
 57081 | Abyss:3  | Got an abyssal rune of Zot
 57191 | Depths:3 | Escaped the Abyss
 57309 | Zot:1    | Entered Level 1 of the Realm of Zot
 57322 | Zot:1    | Identified the storm talisman of Rotation {rN++ Str-4
                  | Slay+3}
 57428 | Zot:1    | Noticed Parghit
 57507 | Zot:1    | Killed Parghit
 57777 | Zot:1    | Received a gift from Okawaru
 57856 | Zot:1    | Reached XP level 25. HP: 211/252 MP: 24/31
 58017 | Zot:1    | Found the +4 dragonskin cloak
 58017 | Zot:1    | Identified the ring "Igriss" {rElec rPois rC+ Str-5}
 58017 | Zot:1    | Noticed Tiamat
 58045 | Zot:1    | Killed Tiamat
 58238 | Zot:1    | Identified the +3 pair of gloves "Xodar" {Dex+8}
 58322 | Zot:1    | Identified the +4 arbalest "Godisec" {freeze, rPois Dex+2}
 58648 | Zot:1    | Reached skill level 15 in Armour
 59103 | Zot:2    | Received a gift from Okawaru
 59570 | Zot:2    | Gained mutation: You are clumsy. (Dex -2) [a shining eye]
 60213 | Zot:3    | Received a gift from Okawaru
 61166 | Zot:4    | Noticed a Killer Klown
 61183 | Zot:4    | Killed a Killer Klown
 61618 | Zot:4    | Reached XP level 26. HP: 262/262 MP: 31/31
 61762 | Zot:4    | Received a gift from Okawaru
 62177 | Zot:5    | Entered Level 5 of the Realm of Zot
 62337 | Zot:5    | Identified the +6 arbalest of the Forgotten Bones {speed,
                  | Will+ Int+4}
 63239 | Zot:5    | Noticed an orb of fire
 63250 | Zot:5    | Killed an orb of fire
 63319 | Zot:5    | Noticed an orb of fire
 63335 | Zot:5    | Killed an orb of fire
 63373 | Zot:5    | Got the Orb of Zot
 63390 | Zot:5    | Received a gift from Okawaru
 63625 | Depths:3 | Noticed Eqirucop the pandemonium lord
 63646 | Depths:3 | Killed Eqirucop the pandemonium lord
 63655 | Depths:3 | Noticed Ojettoam the pandemonium lord
 63662 | Depths:3 | Killed Ojettoam the pandemonium lord
 64151 | D:$      | Escaped with the Orb!

Illustrated notes

#(#####.#..#..##≈##..#..#[#.#.#.#
#[.=....#..#..§.....§#..#y..#y..#
#########..#..§......#..#########
........#..###########..#........
#########..#.........#..#########
#bbh....#..#.##.##.#.#..#..8#8..#
#tb.....#..#(....#..○#..#.††8...#
###+#####..#..##.##E°#..#=†8.8.8#
#©.+b..©#©©#©..#@.#ER#§©#§8^©^8##
###+^##.#..#[#.##.##h#..#..8.8.8#
#!?#.##.#..#?#☼......#..#[..8...#
#.=#....#..#°##R##.#.#..#..8#8..#
#########..#EEhh.....#..#########
........#..###########..#........
#########..#.§.......#..#########
#t......#..#.........#..#yyy.##y#
#.####..#..#..##≈##..#..##..##..#


Turn 21051 on Gauntlet: :should have changed to rf robe before that

Levels and vault maps discovered:
D:1:      tarquinn_simple_flora_water_f, layout_loops_ring, minivault_24,
          minmay_misc_feat_chi, minmay_heptomino_h4
D:2:      minmay_recursive_quarters, layout_loops_corners,
          hellmonk_ecumenical_altar_heavens_door, minmay_distorted
D:3:      layout_basic, mainiacjoe_overflow_divided_tiny
D:4:      layout_loops_corners, uniq_menkaure
D:5:      layout_loops_cross, cheibriados_altar_1, serial_shops, shop,
          serial_bayou, serial_bayou_shore_b, serial_bayou_pond_b,
          serial_bayou_pond_b, serial_bayou_shore_b, uniq_sigmund, uniq_duvessa,
          uniq_eustachio, uniq_edmund
D:6:      layout_rooms, minmay_temple_entry_crystal_x, grunt_decor_resistance,
          nicolae_concentric_dashed_squares_mild, nicolae_elemental_shop
D:7:      nzn_winding_woodlands_medium [nzn_winding_woodlands_5x5_checkerboard,
          nzn_winding_woodlands_5x15_eye, nzn_winding_woodlands_5x5_closed_star,
          nzn_winding_woodlands_5x5_open_star,
          nzn_winding_woodlands_center_pierced_h,
          nzn_winding_woodlands_5x5_cross, nzn_winding_woodlands_5x5_default,
          nzn_winding_woodlands_5x15_pool, nzn_winding_woodlands_5x5_perimeter],
          layout_basic, nemelex_diamond_rough_becter
D:8:      layout_cave_pools, nzn_hepliaklqana_mist_gate, minmay_misc_feat_rugged
D:9:      layout_basic, kennysheep_mini, nicolae_ru_path_of_blood, uniq_psyche
D:10:     layout_basic, erik_lair_island, serial_shops, nicolae_shop_stone,
          nicolae_shop_tiny_statue_garden, nicolae_shop_peninsula, shop,
          nicolae_shop_just_a_little_nook, uniq_snorg, uniq_josephine
D:11:     layout_loops_ring, david_orc_3, serial_shops,
          nicolae_shop_window_shopping, chequers_serial_rivers_small_b,
          nooodl_orcs_dogs, uniq_sonja
D:12:     layout_loops_ring, serial_shops, nicolae_shop_advertising_works
          [nicolae_subvault_shop_adworks]
D:13:     layout_long_grid, david_vaults_3, gauntlet_entry_generic
D:14:     layout_cave_pools, serial_park, serial_park_tiny_pond,
          serial_park_avenue1, serial_park_tiny_1, serial_park_tiny_pond,
          bloody_trog, uniq_kirke, uniq_rupert
D:15:     grunt_enter_depths_giant_problem, layout_basic,
          portal_ice_cave_entry_pillars_1, nicolae_trove_entry_crossroad,
          good_gods_mini_temple
Lair:1:   layout_cave_pods, minivault_19
Lair:2:   layout_cave_pods, guppyfry_snake_entry_garden
Lair:3:   layout_loops_ring, elwin_shoals_entry_stream, special_room
          [special_room_mythical_zoo]
Lair:4:   layout_cave_pods, nicolae_slime_entry_slimehenge,
          minmay_lair_oklob_items
Lair:5:   guppyfry_lair_end_dragon, layout_gridlike,
          hangedman_lair_caniforms_friends, special_room
          [special_room_mythical_zoo], uniq_nessos
Shoals:1: argonaut_golden_fleece, layout_shoals,
          nicolae_shoals_stone_sculpture_thing
Shoals:2: layout_shoals, uniq_ilsuiw
Shoals:3: layout_shoals, centaur_isle
Shoals:4: shoals_end_hellmonk_holy_island
Snake:1:  layout_layer_cave
Snake:2:  layout_rooms, hellmonk_ghost_happy_afterlife,
          beargit_elvish_explorers, uniq_aizul, uniq_jorgrun
Snake:3:  layout_cave_town, basic_altar, serial_shops,
          nicolae_shop_tiny_statue_garden, serial_bayou_shore_b,
          nicolae_integral_box
Snake:4:  minmay_snake_end_coiled, layout_rooms, nrook_guardian_serpent_double,
          uniq_vashnia
Slime:1:  layout_caves, cheibrodos_slime_lost_civilization_5
Slime:2:  layout_caves
Slime:3:  layout_caves, nicolae_slime_barrier, nicolae_slime_phagocytosis
Slime:4:  layout_caves, nicolae_slime_getting_an_eyeful
Slime:5:  slime_pit_nicolae_jellycorners
Orc:1:    layout_diamond_mine
Orc:2:    pf_orc_diabolical, layout_diamond_mine, serial_shops, shop,
          basic_altar, nicolae_volcano_entry_batcave, uniq_saint_roka
Elf:1:    elf_arrival_002, layout_loops_corners, serial_shops, shop,
          nicolae_elf_blasts_and_bolts
Elf:2:    elven_hall_of_blades_hangedman_original [mumra_blade_entry_dagger],
          layout_loops_ring
Elf:3:    minmay_elf_hall_hex, layout_geoelf_octagon, serial_shops, shop
Vaults:1: nicolae_vaults_network_periphery, nicolae_vaults_door_testing_chamber,
          vaults_dpeg_encased_lava, hangedman_vaults_trim,
          nicolae_vaults_cornered_office, vaults_room_hallway, v_misc_27,
          grunt_vaults_diagonal, nicolae_vaults_steering_wheel, serial_ice_b,
          nicolae_vaults_storage_room_glass, vaults_room_pool,
          layout_vaults_maze_snakey, serial_shops, shop
Vaults:2: grunt_vaults_funnel, v_alt_pattern_6, hangedman_vaults_slice,
          ontoclasm_vaults_spin, v_rooms_1, nicolae_vaults_trapezoid_1,
          nicolae_vaults_surprise_closet, nicolae_vaults_tetromino_T_1,
          nicolae_vaults_diamond_1, layout_vaults_omnigrid
Vaults:3: vaults_mumra_hex, minmay_crypt_entry_simple_corners,
          nicolae_vaults_mitosis, v_alt_pattern_1,
          nicolae_vaults_little_squares_5, sword_in_stone,
          grunt_vaults_hallway_short, vaults_room_grid,
          vaults_mumra_minichess_inversion, vaults_dpeg_doors, v_misc_5,
          layout_vaults_big_room, uniq_nikola
Vaults:4: vaults_room_semicircle, nicolae_vaults_more_shelving_2,
          nicolae_vaults_hexular_roomagon, nicolae_vaults_inception_corners,
          nicolae_vaults_big_ls, nicolae_vaults_windows_and_doors_thing,
          vaults_room_fours, ontoclasm_vaults_shout, ontoclasm_vaults_gateway,
          v_misc_12, serial_ice_h, layout_vaults_omnibox, serial_shops, shop
Vaults:5
Depths:1: layout_cave_pools, hell_entry, rand_demon_pan_entry_5, drop_trap,
          kennysheep_decorative_pillar,
          nicolae_uskayaw_murder_on_the_dancefloor, uniq_mara
Depths:2: radiant_caverns_a_rkd, hell_entry, pan_entry, serial_shops
Depths:3: minmay_the_grid_3x2 [minmay_the_grid_plusring, minmay_the_grid_doors,
          minmay_the_grid_mess, minmay_the_grid_artifice, minmay_the_grid_box_x,
          minmay_the_grid_prize_inner_circle], layout_gridlike, special_room
          [special_room_mythical_zoo], abyss_entry_glasseish,
          minmay_misc_feat_four_crosses, grunt_mini_vestibule, vehumet_crystals
Depths:4: evilmike_zot_entry_gauntlet, layout_basic, rand_demon_pan_entry_1,
          dk_noncrumbling_2, hell_entry, skrybe_limestone_x
Zot:1:    layout_onion, regret_index_zotdec_plus, st_stairs_9,
          st_grand_hoard_of_tiamat, uniq_parghit
Zot:2:    nicolae_zot_stationary_front, layout_cathedral_of_symmetry
Zot:3:    layout_misc_corridors, regret_index_zotdec_zees, uniq_josephina,
          uniq_tiamat
Zot:4:    layout_gridlike, grunt_megastairs_1
Zot:5:    layout_gridlike, regret_index_zotdec_carving_tricks,
          grunt_ministairs_7

Skill      XL: |  1  2  3  4  5  6  7  8  9 10 11 12 13 14 15 16 17 18 19 20 21 22 23 24 25 26 |
---------------+-------------------------------------------------------------------------------+-----
Unarmed Combat | 1 2 3 4 6 7 10 12 15 18 20 22 | 22.0
Fighting       | 2 4 5 8 10 11 12 13 15 17 | 17.9
Evocations     | 2 4 |  4.0
Invocations    | 8 9 11 13 | 13.0
Dodging        | 2 8 10 13 17 18 | 18.0
Throwing       | 4 9 10 | 10.0
Armour         | 9 10 11 13 18 | 18.0
Shields        | 9 14 18 20 | 20.0
Ranged Weapons | |  2.6
Stealth        | |  0.3

Action                     |  1- 3 |  4- 6 |  7- 9 | 10-12 | 13-15 | 16-18 | 19-21 | 22-24 | 25-27 || total
---------------------------+-------+-------+-------+-------+-------+-------+-------+-------+-------++-------
  Melee: Unarmed           |    72 |   125 |   199 |   694 |  1434 |  1934 |  1937 |  2162 |  1119 ||  9676
         Punch             |     1 |     5 |     8 |    44 |   157 |    35 |       |       |       ||   250
   Fire: Shortbow          |    13 |       |       |       |       |       |       |       |       ||    13
  Throw: Stone             |       |     5 |    19 |    16 |    67 |    44 |       |       |       ||   151
         Dart              |       |       |     2 |    20 |    10 |       |       |     2 |       ||    34
         Throwing net      |       |       |       |     1 |     2 |     2 |       |       |       ||     5
         Javelin           |       |       |       |     1 |     5 |     2 |    26 |    22 |     8 ||    64
         Boomerang         |       |       |       |       |    91 |    55 |    63 |    65 |     5 ||   279
 Invoke: Heroism           |       |       |     5 |    23 |    39 |    31 |    26 |    25 |    13 ||   162
         Finesse           |       |       |       |     2 |     1 |     1 |     2 |     2 |     4 ||    12
         Duel              |       |       |       |       |       |     2 |       |     1 |       ||     3
         Receive Weapon    |       |       |       |       |       |       |       |     1 |       ||     1
         Receive Armour    |       |       |       |       |       |       |       |     1 |       ||     1
Ability: Begin Untransform |     1 |       |       |       |       |       |       |       |       ||     1
  Evoke: Wand              |       |     3 |     5 |    12 |     2 |     2 |     2 |     2 |       ||    28
         Condenser vane    |       |       |       |       |     2 |       |       |       |       ||     2
         Phial of floods   |       |       |       |       |       |     1 |       |       |       ||     1
    Use: Scroll            |       |     4 |     2 |    11 |    18 |     9 |    19 |    24 |     3 ||    90
         Potion            |       |     2 |     1 |     2 |     3 |    13 |    10 |    10 |     1 ||    42
   Stab: Sleeping          |     1 |     1 |       |     1 |     8 |    11 |    11 |     3 |       ||    36
         Distracted        |       |       |     1 |       |     1 |     1 |     3 |     3 |     1 ||    10
         Held in net/web   |       |       |       |       |     1 |       |       |       |       ||     1
         Petrifying        |       |       |       |       |     3 |       |       |     2 |       ||     5
         Petrified         |       |       |       |       |     2 |       |       |     1 |       ||     3
         Confused          |       |       |       |       |     1 |       |       |       |       ||     1
 Armour: Robe              |    42 |    78 |    47 |    29 |   129 |       |       |       |       ||   325
         Skin              |       |    14 |    16 |     6 |       |       |     2 |       |       ||    38
         Steam dragon scal |       |       |    67 |   240 |       |       |       |       |       ||   307
         Acid dragon scale |       |       |       |   151 |   904 |   954 |   845 |   177 |       ||  3031
         Fire dragon scale |       |       |       |       |       |       |       |   522 |   393 ||   915
  Dodge: Dodged            |    47 |    50 |    85 |   381 |  1153 |   619 |   539 |   678 |   492 ||  4044
  Block: Tower shield      |       |       |       |       |       |  1715 |  2030 |  2527 |  1278 ||  7550
   Form: Flux              |     1 |       |       |       |       |       |       |       |       ||     1

Table legend: (Time is in decaauts)
 A = Elapsed time spent in this place.
 B = Non-inter-level travel time spent in this place.
 C = Inter-level travel time spent in this place.
 D = Time resting spent in this place.
 E = Time spent auto-exploring this place.
 F = Levels seen in this place.
 G = Mean time per level.
                   A        B        C        D        E       F      G
               +--------+--------+--------+--------+--------+-----+--------+
         Total |  61292 |  55294 |   5998 |   3045 |  28718 |  63 |  972.9 |
       Dungeon |  15042 |  12670 |   2372 |    316 |   7934 |  15 | 1002.8 |
          Lair |   7264 |   6001 |   1263 |    287 |   3502 |   5 | 1452.8 |
        Shoals |   3402 |   3231 |    171 |    237 |   1255 |   4 |  850.5 |
     Snake Pit |   5836 |   5613 |    223 |    500 |   2530 |   4 | 1459.0 |
    Slime Pits |    442 |    442 |      0 |     63 |     22 |   5 |   88.4 |
  Orcish Mines |   3332 |   2843 |    489 |    600 |    902 |   2 | 1666.0 |
   Elven Halls |   3835 |   3617 |    218 |    166 |   1979 |   3 | 1278.3 |
        Vaults |   8836 |   8352 |    484 |    385 |   4486 |   5 | 1767.2 |
        Depths |   5298 |   4739 |    559 |    196 |   2206 |   4 | 1324.5 |
           Zot |   5740 |   5527 |    213 |      0 |   3735 |   5 | 1148.0 |
         Abyss |    605 |    605 |      0 |      0 |      0 |   4 |  151.2 |
         Trove |    127 |    127 |      0 |      0 |      0 |   1 |  127.0 |
      Ice Cave |    950 |    950 |      0 |    279 |    143 |   1 |  950.0 |
       Volcano |    133 |    133 |      0 |      0 |      0 |   1 |  133.0 |
      Gauntlet |    383 |    383 |      0 |      0 |     24 |   1 |  383.0 |
         Arena |     61 |     61 |      0 |     15 |      0 |   3 |   20.3 |
               +--------+--------+--------+--------+--------+-----+--------+

Top non-repeatable levels by time:
   Orc:2: 2547 daAuts
 Snake:4: 2106 daAuts
Vaults:2: 2045 daAuts
Vaults:3: 1883 daAuts
Vaults:4: 1843 daAuts
   Elf:3: 1701 daAuts
    D:15: 1663 daAuts
 Snake:1: 1652 daAuts
Depths:4: 1620 daAuts
  Lair:4: 1566 daAuts
  Lair:1: 1555 daAuts
Vaults:1: 1552 daAuts
Vaults:5: 1511 daAuts
Depths:3: 1483 daAuts
  Lair:5: 1468 daAuts
